 Seeded DCSS version 0.30-a0-304-gdc4b735fe1 (webtiles) character file.

Game seed: 452596964315409404 (custom seed)

14056 koil the Covert (level 11, -15/58 HPs)
             Began as a Spriggan Brigand on Oct 21, 2022.
             Was a High Priest of Wu Jian.
             Demolished by a boulder beetle (46 damage)
             ... on level 11 of the Dungeon.
             The game lasted 00:58:46 (12466 turns).

koil the Covert (Spriggan Brigand)                 Turns: 12466, Time: 00:58:46

Health: -15/58     AC:  6    Str: 13    XL:     11   Next: 83%
Magic:  25/25      EV: 27    Int: 19    God:    Wu Jian [*****.]
Gold:   501        SH:  5    Dex: 24    Spells: 23/28 levels left

rFire   . . .      SeeInvis +    D - +12 pair of quick blades "Gyre" and "Gimble" {protect}
rCold   . . .      Faith    .    (shield currently unavailable)
rNeg    . . .      Spirit   .    I - +2 robe {Will+}
rPois   .          Reflect  +    (helmet restricted)
rElec   +          Harm     .    c - +1 cloak
rCorr   .          Rampage  .    (gloves unavailable)
Will    +++..                    (boots unavailable)
Stlth   ++++++....               F - amulet of reflection
HPRegen 0.29/turn                K - ring of Jicroes {rElec Will+ Str+6 Int+3}
MPRegen 0.19/turn                o - +6 ring of dexterity

@: very quick
A: very small, no large weapons, unfitting armour, see invisible, speed 3
a: Renounce Religion, Wall Jump, Serpent's Lash, Heavenly Storm


You were on level 11 of the Dungeon.
You worshipped Wu Jian.
Wu Jian was extremely pleased with you.
You visited 2 branches of the dungeon, and saw 12 of its levels.

You collected 729 gold pieces.
You spent 228 gold pieces at shops.

Inventory:

Hand Weapons
 a - a +3 dagger
 e - a +3 morningstar
 g - a +2 hand axe
 i - a +2 whip of freezing
 k - a +3 war axe
 p - a +4 dagger
 D - the +12 pair of quick blades "Gyre" and "Gimble" (weapon) {protect}
   (You found it on level 5 of the Dungeon)

   It grants its wielder temporary protection when it strikes (+7 to AC).
 E - a +1 dagger of venom
 O - a +2 whip of electrocution
Missiles
 d - 20 poisoned darts (quivered)
 q - 2 curare-tipped darts
Armour
 c - a +1 cloak (worn)
 I - a +2 robe of willpower (worn)
Jewellery
 o - a +6 ring of dexterity (right hand)
 v - a +6 ring of intelligence
 F - an amulet of reflection (around neck)
 K - the ring of Jicroes (left hand) {rElec Will+ Str+6 Int+3}
   (You found it on level 11 of the Dungeon)

   [ring of strength]

   Str:       It affects your strength (+6).
   Int:       It affects your intelligence (+3).
   rElec:     It insulates you from electricity.
   Will:      It increases your willpower.
 M - a ring of flight
Wands
 z - a wand of polymorph (7)
 A - a wand of roots (6)
 C - a wand of flame (19)
 L - a wand of paralysis (24)
 P - a wand of quicksilver (5)
Scrolls
 f - a scroll of poison
 h - a scroll of butterflies
 m - a scroll of magic mapping
 r - 2 scrolls of blinking
 y - a scroll of teleportation
 B - a scroll of amnesia
 N - a scroll of silence
Potions
 b - a potion of cancellation
 j - 2 potions of resistance
 l - a potion of haste
 n - 5 potions of curing
 s - 2 potions of might
 t - a potion of ambrosia
 u - a potion of berserk rage
 w - 2 potions of magic {unknown}
 x - a potion of heal wounds
 G - a potion of flight
 H - a potion of brilliance
 J - a potion of invisibility


   Skills:
 + Level 6.8 Fighting
 + Level 9.0 Short Blades
 - Level 2.0 Throwing
 + Level 10.4 Dodging
 + Level 13.5 Stealth
 + Level 9.2 Spellcasting
 - Level 5.0 Transmutations
 + Level 3.7 Fire Magic
 - Level 5.0 Poison Magic


You had 23 spell levels left.
You knew the following spells:

 Your Spells              Type           Power      Damage    Failure   Level
a - Ignite Poison         Fire/Tmut/Pois 26%        N/A       3%          3
b - Ensorcelled Hibernat  Hex/Ice        16%        N/A       12%         2

Your spell library contained the following spells:

 Spells                   Type           Power      Damage    Failure   Level
 Passwall                 Tmut/Erth      15%        N/A       4%          2
 Freeze                   Ice            32%        1d5       9%          1
 Necrotise                Necr           32%        1d5       9%          1
 Kindle Blastsparks       Fire/Tloc/Air  26%        2d12      14%         3
 Frozen Ramparts          Ice            16%        1d3       24%         3
 Hailstorm                Conj/Ice       8%         3d4       24%         3
 Swiftness                Air            8%         N/A       24%         3
 Vhi's Electric Charge    Tloc/Air       16%        N/A       24%         3
 Animate Dead             Necr           8%         N/A       63%         4
 Arcjolt                  Conj/Air       4%         1d14      92%         5
 Borgnjor's Vile Clutch   Necr/Erth      4%         N/A       92%         5
 Freezing Cloud           Conj/Ice/Air   4%         6-21      92%         5
 Death Channel            Necr           4%         N/A       100%        6
 Maxwell's Capacitive Co  Air            4%         ∞         100%        8


Dungeon Overview and Level Annotations

Branches:
Dungeon (11/15)            Temple (1/1) D:4            Lair (0/5) D:8
    Orc (0/2) D:10

Altars:
Ashenzari
Cheibriados
Dithmenos
Elyvilon
Fedhas
Gozag
Hepliaklqana
Kikubaaqudgha
Makhleb
Nemelex Xobeh
Okawaru
Qazlal
Ru
Sif Muna
Trog
Uskayaw
Vehumet
Wu Jian
Xom
Yredelemnul
Zin
The Shining One

Shops:
D:2 [   D:10 !


Innate Abilities, Weirdness & Mutations

You are very small and have problems with some larger weapons.
You are too small for most types of armour.
You have supernaturally acute eyesight. (SInv)
You cover ground extremely quickly. (Speed+++)


Message History

Throw: 23 darts (poison)
Press: ? - help, Q - select action, (/) - cycle Shift-Dir - straight line, f/p - boulder beetle
Aim: a boulder beetle (heavily wounded, 91% to hit)
You throw a poisoned dart.
The poisoned dart hits the boulder beetle.
The boulder beetle is poisoned.
The boulder beetle is heavily wounded.
The boulder beetle curls into a ball and begins rolling!
Throw: 22 darts (poison)
Press: ? - help, Q - select action, (/) - cycle Shift-Dir - straight line, f/p - boulder beetle
Aim: a boulder beetle (heavily wounded, rolling, poisoned, 91% to hit)
Okay, then.
Unknown command.
The boulder beetle attacks as you move away!
The boulder beetle completely misses you.
The boulder beetle stops rolling and uncurls.
The boulder beetle looks more healthy.
Throw: 22 darts (poison)
Press: ? - help, Q - select action, (/) - cycle Shift-Dir - straight line, f/p - boulder beetle
Aim: a boulder beetle (severely wounded, 91% to hit)
You throw a poisoned dart.
The poisoned dart hits the boulder beetle.
The boulder beetle is poisoned.
The boulder beetle is severely wounded.
The boulder beetle curls into a ball and begins rolling!
The boulder beetle attacks as you move away!
The boulder beetle completely misses you.
The boulder beetle stops rolling and uncurls.
Throw: 21 darts (poison)
Press: ? - help, Q - select action, (/) - cycle Shift-Dir - straight line, f/p - boulder beetle
Aim: a boulder beetle (severely wounded, poisoned, 91% to hit)
You throw a poisoned dart.
The poisoned dart hits the boulder beetle.
The boulder beetle looks even sicker.
The boulder beetle is severely wounded.
The boulder beetle curls into a ball and begins rolling!
The boulder beetle attacks as you move away!
The boulder beetle hits you!!!
Ouch! That really hurt!
You die...

.##### #...............#
############...............#
............(...............
....#...#....°..............
...##...##....°............#
...###..##.....°....).....## .#
..## #..###....°..........## ..
..# ##..###....B..........## ..
..# #..####...@........#..## #.
.## #..#)..............#...###.
..## #...))##..........##.....#.
...####..######........###.......
....##..## #........###.......
.......## ##......###.....##.
#......## #......##....#####
####....### ##......#....## #
##.....#####...........##


You could see a boulder beetle (rolling, very poisoned).

Vanquished Creatures
  2 two-headed ogres (D:11)
  Pikel (D:9)
  An ugly thing (D:11)
  2 cyclopes (D:11)
  A manticore (D:11)
  The ghost of lonewolfV2 the Stinger, a novice GnVM (D:5)
  An unseen horror (D:10)
  3 trolls
  A hornet (D:11)
  Sigmund (D:2)
  13 yaks
  The ghost of AmazingPX the Chopper, an amateur MiBe of Trog (D:4)
  A wyvern (D:9)
  3 steam dragons (D:8)
  10 vampire mosquitoes (D:10)
  2 acid dragons (D:10)
  A water moccasin (D:6)
  3 orc warriors
  2 ice beasts
  3 sky beasts
  2 phantoms
  7 centaurs
  6 ogres
  A kobold brigand (D:9)
  2 necrophages
  5 scorpions
  3 bullfrogs
  A gnoll sergeant (D:8)
  A wyvern zombie (D:8)
  11 wights
  2 wyvern skeletons (D:4)
  3 killer bees (D:7)
  3 electric eels (D:8)
  3 howler monkeys
  A centaur zombie (D:8)
  8 orc priests
  8 hounds
  3 jellies (D:2)
  A bullfrog skeleton (D:4)
  Natasha (twice) (D:2)
  14 orc wizards
  2 iguanas
  A killer bee zombie (D:4)
  Robin (D:2)
  8 gnolls
  9 adders
  A shadow imp (D:6)
  A white imp (D:4)
  2 ufetubi
  A worm (D:2)
  2 dart slugs
  37 orcs
  8 ball pythons
  15 endoplasms
  5 giant cockroaches
  13 hobgoblins
  6 jackals
  4 quokkas
  10 bats
  2 frilled lizards (D:1)
  14 goblins
  22 kobolds
  8 rats
312 creatures vanquished.

Vanquished Creatures (others)
  7 fungi
  7 toadstools (D:2)
14 creatures vanquished.

Grand Total: 326 creatures vanquished

Notes
Turn   | Place    | Note
-------+----------+-------------------------------------------
     0 | D:1      | koil the Spriggan Brigand began the quest for the Orb.
     0 | D:1      | Reached XP level 1. HP: 10/10 MP: 2/2
   303 | D:1      | Reached skill level 6 in Stealth
   327 | D:1      | Reached XP level 2. HP: 15/15 MP: 3/3
   604 | D:1      | Reached skill level 1 in Spellcasting
   877 | D:2      | Reached XP level 3. HP: 14/18 MP: 5/5
   884 | D:2      | Noticed Sigmund
   918 | D:2      | Killed Sigmund
   919 | D:2      | Reached skill level 7 in Stealth
   919 | D:2      | Reached XP level 4. HP: 20/23 MP: 5/8
   919 | D:2      | Reached XP level 5. HP: 24/27 MP: 5/9
  1087 | D:2      | Found Tiaxt's Armour Shop.
  1465 | D:2      | Reached XP level 6. HP: 28/32 MP: 11/11
  2057 | D:3      | Found a glowing silver altar of Zin.
  2353 | D:2      | Noticed Natasha
  2364 | D:2      | Killed Natasha
  2463 | D:2      | Noticed Natasha
  2466 | D:2      | Noticed Robin
  2478 | D:2      | Killed Robin
  2698 | D:2      | Killed Natasha
  3238 | D:4      | Found a staircase to the Ecumenical Temple.
  3288 | D:4      | Identified the +1 ring mail of the Centipede {Harm Rampage
                  | Str+7 Dex-2}
  3600 | Temple   | Entered the Ecumenical Temple
  3826 | Temple   | Became a worshipper of the Wu Jian Council
  3996 | D:4      | Reached XP level 7. HP: 23/36 MP: 13/13
  4096 | D:4      | Learned a level 3 spell: Ignite Poison
  4378 | D:4      | Reached skill level 8 in Stealth
  4395 | D:4      | Reached skill level 1 in Transmutations
  4582 | D:4      | Found a runed translucent gate.
  4586 | D:4      | Found a runed translucent gate.
  4587 | D:4      | Found a runed translucent gate.
  4592 | D:4      | Noticed AmazingPX's ghost (amateur MiBe)
  4841 | D:5      | Entered Level 5 of the Dungeon
  5276 | D:5      | Reached skill level 1 in Poison Magic
  5397 | D:5      | Learned a level 2 spell: Ensorcelled Hibernation
  5676 | D:5      | Reached skill level 5 in Dodging
  5749 | D:5      | Reached skill level 5 in Short Blades
  5770 | D:5      | Found a runed translucent door.
  5772 | D:5      | Noticed lonewolfV2's ghost (novice GnVM)
  5773 | D:5      | Found the +12 pair of quick blades "Gyre" and "Gimble"
                  | {protect}
  5915 | D:5      | Reached * piety under Wu Jian
  5933 | D:5      | Found a bloodstained altar of Trog.
  6111 | D:5      | Reached XP level 8. HP: 40/40 MP: 15/15
  6286 | D:5      | Found a radiant altar of Vehumet.
  6289 | D:5      | Found an ancient bone altar of Kikubaaqudgha.
  6290 | D:5      | Found a shimmering blue altar of Sif Muna.
  6296 | D:5      | Got Kikubaaqudgha's Anthology of Necromancy
  6321 | D:5      | Found a snail-covered altar of Cheibriados.
  6336 | D:5      | Found a shadowy altar of Dithmenos.
  6337 | D:5      | Found a white marble altar of Elyvilon.
  6362 | D:5      | Killed lonewolfV2's ghost
  6363 | D:5      | Reached skill level 9 in Stealth
  6750 | D:4      | Reached skill level 5 in Spellcasting
  6760 | D:4      | Killed AmazingPX's ghost
  6939 | D:6      | Reached XP level 9. HP: 45/45 MP: 16/18
  6990 | D:6      | Reached ** piety under Wu Jian
  7195 | D:6      | Reached skill level 10 in Stealth
  7912 | D:7      | Reached skill level 5 in Transmutations
  8296 | D:8      | Noticed a troll
  8382 | D:8      | Killed a troll
  8403 | D:8      | Reached skill level 5 in Fighting
  8403 | D:8      | Reached XP level 10. HP: 30/51 MP: 20/20
  8507 | D:8      | Reached *** piety under Wu Jian
  8544 | D:8      | Found a staircase to the Lair.
  8619 | D:8      | Reached skill level 11 in Stealth
  8859 | D:8      | Identified the +3 leather armour of Nuhon {rElec rCorr
                  | Dex+2 SInv}
  9235 | D:8      | Found a basalt altar of Yredelemnul.
  9855 | D:9      | Reached skill level 5 in Poison Magic
 10110 | D:9      | Noticed Pikel
 10161 | D:9      | Killed Pikel
 10162 | D:9      | Reached skill level 1 in Fire Magic
 10663 | D:10     | Entered Level 10 of the Dungeon
 10674 | D:10     | Found Kivaix's Distillery.
 10692 | D:10     | Reached **** piety under Wu Jian
 10693 | D:10     | Reached skill level 12 in Stealth
 10820 | D:10     | Bought a potion of resistance for 120 gold pieces
 10820 | D:10     | Bought a potion of might for 48 gold pieces
 10820 | D:10     | Bought a potion of berserk rage for 60 gold pieces
 10846 | D:10     | Reached XP level 11. HP: 50/56 MP: 23/23
 11394 | D:10     | Found a staircase to the Orcish Mines.
 11625 | D:11     | Reached skill level 13 in Stealth
 11640 | D:11     | Identified the ring of Jicroes {rElec Will+ Str+6 Int+3}
 11666 | D:11     | Reached ***** piety under Wu Jian
 11738 | D:11     | Noticed a two-headed ogre
 11745 | D:11     | Killed a two-headed ogre
 11746 | D:11     | Reached skill level 10 in Dodging
 12005 | D:11     | Noticed a two-headed ogre
 12006 | D:11     | Noticed a brown ugly thing
 12034 | D:11     | Killed a two-headed ogre
 12037 | D:11     | Killed a brown ugly thing
 12271 | D:11     | Noticed a boulder beetle
 12466 | D:11     | Demolished by a boulder beetle

Illustrated notes

Levels and vault maps discovered:
D:1:      dpeg_arrival_oval, layout_loops_ring, nrook_mini_backslash
D:2:      cheibrodos_fertilizer, layout_rooms, serial_aquarium,
          aquarium_bridge_straight [aquarium_subvault_bridge,
          aquarium_subvault_wall, aquarium_subvault_bridge,
          aquarium_subvault_balcony], aquarium_window_corner,
          aquarium_window_corridor_3, aquarium_window_2, aquarium_window_fake,
          aquarium_view_2e, aquarium_balcony_5a, serial_shops,
          nicolae_shop_stone, uniq_natasha, uniq_robin, uniq_sigmund
D:3:      layout_rooms, zin_scriptorium, chequers_big_river
D:4:      layout_basic, temple_green, gammafunk_ghost_necromancy,
          minmay_mini_jars
D:5:      layout_layer_cave, grunt_temple_overflow_magic_moments,
          trog_hazing_becter, chequers_temple_overflow_statue_of_worship,
          ebering_ghost_inner_flame, minmay_misc_feat_plants,
          chequers_serial_rivers_large_a
D:6:      layout_loops_ring, serial_rivers, chequers_serial_rivers_marsh,
          chequers_serial_rivers_micro_d, chequers_serial_rivers_marsh,
          chequers_serial_rivers_room_a, chequers_serial_rivers_micro_b,
          kennysheep_generic_room_5
D:7:      layout_loops_ring, dk_noncrumbling_4, glass_columns_a,
          serial_bayou_crossing
D:8:      layout_basic, lemuel_zombie_altar_yredelemnul, erik_lair_island
D:9:      layout_irregular_city, feat_on_display, uniq_pikel
D:10:     layout_cross, minmay_orc_entry_temple_small, serial_shops,
          nicolae_shop_hallway_plus
D:11:     old_forge, layout_layer_cave
Temple:   nicolae_temple_figure_eight

Skill      XL: |  1  2  3  4  5  6  7  8  9 10 11 |
---------------+----------------------------------+-----
Stealth        | 6 7 8 9 10 12 13 | 13.5
Spellcasting   | 1 2 3 4 5 6 7 9 |  9.2
Dodging        | 2 3 4 5 6 7 9 10 | 10.4
Fighting       | 2 3 4 5 6 |  6.8
Short Blades   | 3 4 5 6 7 9 |  9.0
Transmutations | 2 4 5 |  5.0
Poison Magic   | 1 3 4 5 |  5.0
Fire Magic     | 2 3 |  3.7
Throwing       | |  2.0

Action                   |  1- 3 |  4- 6 |  7- 9 | 10-12 || total
-------------------------+-------+-------+-------+-------++-------
Melee: Dagger            |    54 |   223 |   154 |       ||   431
       Punch             |       |     3 |     2 |       ||     5
       Pair of quick bla |       |       |   121 |   345 ||   466
Throw: Dart              |     8 |    29 |    11 |     7 ||    55
 Cast: Ensorcelled Hiber |       |       |     3 |       ||     3
Invok: Lunge             |       |     2 |    61 |    44 ||   107
       Whirlwind         |       |       |     4 |    96 ||   100
  Use: Scroll            |       |       |       |    21 ||    21
       Potion            |       |       |       |     5 ||     5
 Stab: Sleeping          |    12 |    12 |    25 |     5 ||    54
       Distracted        |       |       |     1 |     6 ||     7
Armor: Robe              |     3 |    15 |    12 |    17 ||    47
Dodge: Dodged            |    27 |   127 |   149 |    97 ||   400
Block: Other             |       |       |     2 |    29 ||    31
       Reflection        |       |       |       |     2 ||     2

Table legend: (Time is in decaauts)
 A = Elapsed time spent in this place.
 B = Non-inter-level travel time spent in this place.
 C = Inter-level travel time spent in this place.
 D = Time resting spent in this place.
 E = Time spent auto-exploring this place.
 F = Levels seen in this place.
 G = Mean time per level.
                   A        B        C        D        E       F      G
               +--------+--------+--------+--------+--------+-----+--------+
         Total |   8557 |   7994 |    563 |   1057 |   4647 |  12 |  713.1 |
       Dungeon |   8141 |   7612 |    529 |    893 |   4518 |  11 |  740.1 |
        Temple |    416 |    382 |     34 |    164 |    129 |   1 |  416.0 |
               +--------+--------+--------+--------+--------+-----+--------+

Top non-repeatable levels by time:
     D:2: 1245 daAuts
     D:4: 1201 daAuts
     D:5: 1198 daAuts
     D:8: 797 daAuts
     D:9: 669 daAuts
    D:11: 630 daAuts
     D:3: 546 daAuts
    D:10: 490 daAuts
     D:6: 481 daAuts
     D:7: 461 daAuts
     D:1: 417 daAuts
  Temple: 416 daAuts
